[ AOE2 MATCH · #467155012 ]
UnrankedBohemians vs Chinese
[ REPLAY ANALYSIS · EXTRACTED FROM THE RECORDED GAME ]
Feudal
11:21
Castle
16:08
Imperial
35:23
| APM avg | 20.8 |
| APM peak | 54 |
| eAPM avg | 11.0 |
| Villagers / military | 113 / 205 |
Focus
⚔️ 27.0% · 🌾 73.0%
Spearman ×114 · Hand Cannoneer ×45 · Skirmisher ×41 · Trebuchet (Packed) ×3 · Hussite Wagon ×2
Feudal
11:07
Castle
16:44
Imperial
30:21
| APM avg | 23.9 |
| APM peak | 59 |
| eAPM avg | 13.3 |
| Villagers / military | 112 / 44 |
Focus
⚔️ 29.2% · 🌾 70.8%
Fire Lancer ×36 · Iron Pagoda ×4 · Monk ×2 · Trebuchet (Packed) ×2
Feudal
—
Castle
—
Imperial
—
| APM avg | 47.6 |
| APM peak | 84 |
| eAPM avg | 20.0 |
| Villagers / military | 101 / 208 |
Focus
⚔️ 23.7% · 🌾 76.3%
Kipchak ×100 · Scout Cavalry ×94 · Battering Ram ×7 · Militia ×5 · Monk ×1 · Spearman ×1
Feudal
—
Castle
—
Imperial
—
| APM avg | 13.8 |
| APM peak | 43 |
| eAPM avg | 8.2 |
| Villagers / military | 100 / 111 |
Focus
⚔️ 17.3% · 🌾 82.7%
Spearman ×70 · Huskarl ×31 · Militia ×8 · Mangonel ×2
Feudal
10:07
Castle
20:17
Imperial
31:41
| APM avg | 10.4 |
| APM peak | 38 |
| eAPM avg | 8.3 |
| Villagers / military | 112 / 24 |
Focus
⚔️ 17.1% · 🌾 82.9%
Longbowman ×22 · Trade Cart ×7 · Monk ×2
Feudal
—
Castle
—
Imperial
—
| APM avg | 25.3 |
| APM peak | 58 |
| eAPM avg | 15.8 |
| Villagers / military | 119 / 147 |
Focus
⚔️ 36.5% · 🌾 63.5%
Knight ×60 · Konnik ×48 · Militia ×23 · Spearman ×16
Feudal
12:37
Castle
28:50
Imperial
39:33
| APM avg | 11.9 |
| APM peak | 31 |
| eAPM avg | 8.7 |
| Villagers / military | 107 / 80 |
Focus
⚔️ 29.4% · 🌾 70.6%
Steppe Lancer ×62 · Scout Cavalry ×10 · Militia ×6 · Archer ×2
Feudal
11:25
Castle
15:25
Imperial
29:24
| APM avg | 19.9 |
| APM peak | 55 |
| eAPM avg | 12.2 |
| Villagers / military | 115 / 136 |
Focus
⚔️ 12.8% · 🌾 87.2%
Steppe Lancer ×126 · Battering Ram ×10
Match map
Initial resources + every placement click. Lines = walls · curves = elevation contours. ◆ gold · ⬟ stone · ● berries · ✦ relic · ◌ wall gap
Inputs per minute
— Akanii - - Bantum
Build order — Akanii
First 150 of 306 actions detected
| 0:02 | Create | Villager (Male) |
| 0:02 | Create | Villager (Male) |
| 0:02 | Create | Villager (Male) |
| 0:03 | Create | Villager (Male) |
| 0:04 | Build | House |
| 0:06 | Build | House |
| 1:30 | Create | Villager (Male) |
| 2:05 | Create | Villager (Male) |
| 2:24 | Create | Villager (Male) |
| 3:04 | Create | Villager (Male) |
| 3:16 | Create | Villager (Male) |
| 3:36 | Build | Mill |
| 3:47 | Build | House |
| 3:48 | Build | House |
| 3:53 | Create | Villager (Male) |
| 4:09 | Create | Villager (Male) |
| 4:43 | Create | Villager (Male) |
| 4:44 | Create | Villager (Male) |
| 5:05 | Create | Villager (Male) |
| 5:05 | Create | Villager (Male) |
| 5:31 | Create | Villager (Male) |
| 5:40 | Create | Villager (Male) |
| 5:59 | Create | Villager (Male) |
| 6:27 | Create | Villager (Male) |
| 6:53 | Build | Mining Camp |
| 6:54 | Create | Villager (Male) |
| 6:55 | Create | Villager (Male) |
| 7:52 | Build | Lumber Camp |
| 7:54 | Create | Villager (Male) |
| 8:04 | Create | Villager (Male) |
| 9:11 | Research | Feudal Age |
| 10:00 | Build | Mill |
| 11:21 | Age | Feudal Age |
| 11:35 | Build | Market |
| 11:37 | Build | Blacksmith |
| 13:02 | Create | Villager (Male) |
| 13:11 | Build | House |
| 13:12 | Build | House |
| 13:28 | Research | Castle Age |
| 13:52 | Research | Horse Collar |
| 13:56 | Research | Double-Bit Axe |
| 14:00 | Build | Farm |
| 14:00 | Build | Farm |
| 14:00 | Build | Farm |
| 14:06 | Build | Farm |
| 14:07 | Build | Farm |
| 14:15 | Build | Farm |
| 14:37 | Build | Farm |
| 14:51 | Research | Wheelbarrow |
| 15:06 | Build | Mining Camp |
| 16:08 | Age | Castle Age |
| 16:21 | Build | Town Center |
| 16:52 | Research | Town Watch |
| 16:54 | Research | Loom |
| 17:08 | Build | Town Center |
| 17:17 | Create | Villager (Male) |
| 17:18 | Create | Villager (Male) |
| 17:27 | Research | Scale Mail Armor |
| 17:43 | Research | Bow Saw |
| 18:31 | Create | Villager (Male) |
| 18:35 | Create | Villager (Male) |
| 18:36 | Create | Villager (Male) |
| 18:41 | Build | Farm |
| 18:41 | Build | Farm |
| 18:54 | Build | Barracks |
| 19:02 | Create | Villager (Male) |
| 19:54 | Create | Villager (Male) ×5 |
| 20:06 | Build | Farm |
| 20:07 | Build | Farm |
| 20:33 | Build | Farm |
| 20:37 | Build | Farm |
| 20:37 | Build | Farm |
| 20:46 | Create | Villager (Male) |
| 20:46 | Create | Villager (Male) |
| 20:46 | Create | Villager (Male) |
| 20:47 | Create | Villager (Male) |
| 20:59 | Build | Farm |
| 20:59 | Build | Farm |
| 21:00 | Build | Farm |
| 21:07 | Create | Villager (Male) |
| 21:18 | Build | Farm |
| 21:19 | Build | Farm |
| 21:19 | Build | Farm |
| 21:25 | Research | Squires |
| 21:33 | Create | Villager (Male) |
| 21:48 | Create | Villager (Male) |
| 21:56 | Create | Villager (Male) |
| 22:13 | Build | House |
| 22:13 | Build | House |
| 22:15 | Build | House |
| 22:16 | Build | House |
| 22:16 | Build | House |
| 22:18 | Build | House |
| 22:19 | Build | House |
| 22:20 | Build | House |
| 22:31 | Build | Archery Range |
| 22:33 | Build | Archery Range |
| 22:37 | Build | Barracks |
| 22:41 | Create | Villager (Male) ×5 |
| 22:52 | Research | Pikeman (upgrade) |
| 22:59 | Create | Villager (Male) |
| 23:03 | Create | Villager (Male) |
| 23:07 | Build | Farm |
| 23:21 | Create | Spearman |
| 23:28 | Research | Elite Skirmisher (upgrade) |
| 23:30 | Create | Villager (Male) |
| 23:30 | Create | Villager (Male) |
| 23:30 | Create | Villager (Male) |
| 23:37 | Build | Farm |
| 23:44 | Build | Farm |
| 24:00 | Build | Castle |
| 24:07 | Build | Stone Wall |
| 24:18 | Build | Stone Wall |
| 24:24 | Create | Villager (Male) |
| 24:24 | Create | Villager (Male) |
| 24:24 | Create | Villager (Male) |
| 24:25 | Create | Villager (Male) |
| 24:25 | Create | Villager (Male) |
| 24:25 | Create | Villager (Male) |
| 24:26 | Create | Villager (Male) |
| 24:26 | Create | Villager (Male) |
| 24:26 | Create | Villager (Male) |
| 24:44 | Build | Lumber Camp |
| 24:54 | Build | Mill |
| 24:57 | Build | Farm |
| 24:57 | Build | Farm |
| 24:58 | Build | Farm |
| 25:05 | Create | Spearman |
| 25:05 | Create | Spearman |
| 25:12 | Research | Forging |
| 25:12 | Research | Fletching |
| 25:13 | Research | Scale Mail Armor |
| 25:17 | Create | Villager (Male) |
| 25:28 | Create | Villager (Male) |
| 25:33 | Build | House |
| 25:34 | Build | House |
| 25:35 | Build | House |
| 25:37 | Build | House |
| 25:38 | Build | House |
| 25:39 | Build | House |
| 25:41 | Build | House |
| 25:47 | Build | Farm |
| 25:52 | Research | Heavy Plow |
| 25:58 | Build | Farm |
| 26:01 | Create | Villager (Male) |
| 26:02 | Create | Villager (Male) |
| 26:03 | Create | Villager (Male) |
| 26:04 | Create | Villager (Male) |
| 26:11 | Create | Skirmisher |
| 26:18 | Create | Villager (Male) |
Build order — Bantum
First 150 of 281 actions detected
| 0:01 | Research | Loom |
| 0:58 | Create | Villager (Male) |
| 0:58 | Create | Villager (Male) |
| 1:26 | Create | Villager (Male) |
| 1:26 | Create | Villager (Male) |
| 1:52 | Create | Villager (Male) |
| 1:52 | Create | Villager (Male) |
| 2:16 | Create | Villager (Male) |
| 2:17 | Create | Villager (Male) |
| 3:02 | Create | Villager (Male) |
| 3:03 | Create | Villager (Male) |
| 3:11 | Build | House |
| 3:12 | Build | House |
| 3:18 | Build | Lumber Camp |
| 3:27 | Create | Villager (Male) |
| 3:28 | Create | Villager (Male) |
| 4:00 | Create | Villager (Male) |
| 4:01 | Create | Villager (Male) |
| 4:01 | Create | Villager (Male) |
| 4:11 | Create | Villager (Male) |
| 4:11 | Create | Villager (Male) |
| 4:29 | Create | Villager (Male) |
| 4:29 | Create | Villager (Male) |
| 5:16 | Create | Villager (Male) |
| 5:17 | Create | Villager (Male) |
| 5:36 | Build | Mill |
| 5:57 | Create | Villager (Male) |
| 6:36 | Create | Villager (Male) |
| 6:58 | Create | Villager (Male) |
| 6:58 | Create | Villager (Male) |
| 7:30 | Build | Mining Camp |
| 7:51 | Create | Villager (Male) |
| 8:06 | Build | House |
| 8:07 | Build | House |
| 8:49 | Build | Mill |
| 8:51 | Research | Feudal Age |
| 9:29 | Build | Lumber Camp |
| 10:05 | Build | Farm |
| 10:10 | Build | Farm |
| 10:18 | Create | Villager (Male) |
| 11:07 | Age | Feudal Age |
| 11:10 | Create | Villager (Male) |
| 11:10 | Create | Villager (Male) |
| 11:19 | Build | Farm |
| 11:19 | Build | Farm |
| 11:19 | Build | Farm |
| 11:19 | Build | Farm |
| 11:28 | Create | Villager (Male) |
| 11:31 | Build | Farm |
| 11:39 | Create | Villager (Male) |
| 11:52 | Research | Double-Bit Axe |
| 12:19 | Create | Villager (Male) |
| 12:48 | Create | Villager (Male) |
| 13:10 | Build | Market |
| 13:14 | Build | Blacksmith |
| 13:32 | Build | Farm |
| 13:32 | Build | Farm |
| 13:36 | Build | Farm |
| 13:49 | Build | House |
| 13:50 | Build | House |
| 13:51 | Build | House |
| 13:52 | Build | House |
| 14:04 | Research | Castle Age |
| 14:23 | Build | Lumber Camp |
| 14:33 | Create | Villager (Male) |
| 14:39 | Research | Horse Collar |
| 14:59 | Build | House |
| 15:01 | Build | House |
| 15:01 | Build | House |
| 15:02 | Build | House |
| 15:27 | Build | Barracks |
| 15:28 | Build | Barracks |
| 15:32 | Create | Villager (Male) |
| 15:32 | Create | Villager (Male) |
| 15:49 | Build | Mining Camp |
| 15:54 | Create | Villager (Male) |
| 16:32 | Build | Barracks |
| 16:44 | Age | Castle Age |
| 16:46 | Create | Fire Lancer |
| 16:46 | Create | Fire Lancer |
| 16:50 | Research | Scale Mail Armor |
| 17:03 | Create | Villager (Male) |
| 17:12 | Build | Siege Workshop |
| 17:17 | Create | Fire Lancer |
| 17:17 | Create | Fire Lancer |
| 17:20 | Create | Villager (Male) |
| 17:20 | Create | Villager (Male) |
| 17:57 | Build | House |
| 18:21 | Create | Villager (Male) |
| 18:21 | Create | Villager (Male) |
| 18:21 | Create | Villager (Male) |
| 18:25 | Create | Fire Lancer |
| 18:25 | Create | Fire Lancer |
| 18:25 | Create | Fire Lancer |
| 18:40 | Create | Fire Lancer |
| 18:40 | Create | Fire Lancer |
| 18:49 | Create | Villager (Male) |
| 18:55 | Build | Mill |
| 18:55 | Build | Farm |
| 18:56 | Build | Farm |
| 18:56 | Build | Farm |
| 18:56 | Build | Farm |
| 18:56 | Build | Farm |
| 18:56 | Build | Farm |
| 18:57 | Build | Farm |
| 19:24 | Create | Villager (Male) |
| 19:36 | Create | Villager (Male) |
| 19:40 | Create | Fire Lancer |
| 19:40 | Create | Fire Lancer |
| 19:40 | Create | Fire Lancer |
| 20:07 | Create | Villager (Male) |
| 20:08 | Create | Villager (Male) |
| 20:49 | Create | Villager (Male) |
| 21:05 | Create | Villager (Male) |
| 21:06 | Create | Villager (Male) |
| 21:06 | Create | Villager (Male) |
| 21:15 | Build | Town Center |
| 21:43 | Create | Villager (Male) |
| 21:43 | Create | Villager (Male) |
| 21:44 | Create | Villager (Male) |
| 21:48 | Build | House |
| 21:49 | Build | House |
| 21:49 | Build | House |
| 21:50 | Build | House |
| 21:52 | Build | House |
| 21:54 | Build | House |
| 21:55 | Build | House |
| 21:56 | Build | House |
| 21:57 | Build | House |
| 22:00 | Research | Gold Mining |
| 22:27 | Research | Stone Mining |
| 22:37 | Create | Iron Pagoda |
| 22:38 | Create | Iron Pagoda |
| 22:44 | Build | House |
| 22:45 | Build | House |
| 22:46 | Build | House |
| 23:04 | Create | Villager (Male) |
| 23:04 | Create | Villager (Male) |
| 23:21 | Create | Villager (Male) |
| 23:21 | Create | Villager (Male) |
| 23:31 | Build | Town Center |
| 23:41 | Create | Villager (Male) |
| 23:41 | Create | Villager (Male) |
| 23:41 | Create | Villager (Male) |
| 23:45 | Build | Farm |
| 23:47 | Create | Villager (Male) |
| 23:47 | Create | Villager (Male) |
| 23:47 | Create | Villager (Male) |
| 24:01 | Create | Villager (Male) |
| 24:24 | Build | Monastery |
Build order — ITSZERKIIN
First 150 of 319 actions detected
| 0:02 | Create | Villager (Male) |
| 0:02 | Create | Villager (Male) |
| 0:02 | Create | Villager (Male) |
| 0:03 | Build | House |
| 0:05 | Build | House |
| 0:30 | Create | Villager (Male) |
| 1:37 | Create | Villager (Male) |
| 1:37 | Create | Villager (Male) |
| 1:50 | Build | Lumber Camp |
| 2:10 | Create | Villager (Male) |
| 2:28 | Create | Villager (Male) |
| 2:54 | Create | Villager (Male) |
| 2:54 | Create | Villager (Male) |
| 3:14 | Create | Villager (Male) |
| 3:31 | Build | House |
| 4:02 | Build | Mill |
| 4:07 | Create | Villager (Male) |
| 4:09 | Create | Villager (Male) |
| 4:54 | Create | Villager (Male) |
| 5:25 | Create | Villager (Male) |
| 5:26 | Research | Loom |
| 6:05 | Create | Villager (Male) |
| 7:03 | Research | Feudal Age |
| 7:21 | Build | Mining Camp |
| 8:13 | Build | Barracks |
| 9:19 | Create | Villager (Male) |
| 9:29 | Build | Blacksmith |
| 9:48 | Build | House |
| 9:57 | Create | Villager (Male) |
| 10:01 | Research | Double-Bit Axe |
| 10:35 | Create | Villager (Male) |
| 11:07 | Create | Villager (Male) |
| 11:20 | Build | Siege Workshop |
| 11:24 | Create | Militia |
| 11:31 | Research | Man-at-Arms (upgrade) |
| 11:58 | Build | House |
| 12:20 | Create | Battering Ram |
| 12:20 | Create | Battering Ram |
| 12:32 | Create | Militia |
| 12:39 | Create | Villager (Male) |
| 13:06 | Create | Militia |
| 13:21 | Create | Battering Ram |
| 13:44 | Create | Militia |
| 13:53 | Create | Battering Ram |
| 14:22 | Build | House |
| 14:30 | Create | Villager (Male) |
| 14:42 | Build | Farm |
| 15:02 | Build | House |
| 15:03 | Build | House |
| 15:05 | Create | Villager (Male) |
| 15:18 | Create | Militia |
| 16:13 | Create | Villager (Male) |
| 16:13 | Create | Villager (Male) |
| 16:22 | Build | Town Center |
| 16:50 | Build | Farm |
| 16:51 | Build | Farm |
| 16:52 | Create | Villager (Male) |
| 16:52 | Create | Villager (Male) |
| 16:56 | Build | House |
| 17:27 | Create | Battering Ram |
| 17:27 | Create | Battering Ram |
| 17:32 | Build | Farm |
| 17:35 | Build | House |
| 17:50 | Create | Villager (Male) |
| 17:50 | Create | Villager (Male) |
| 18:08 | Build | House |
| 18:57 | Create | Villager (Male) |
| 18:57 | Create | Villager (Male) |
| 19:01 | Build | Farm |
| 19:05 | Build | Farm |
| 19:21 | Create | Villager (Male) |
| 19:21 | Create | Villager (Male) |
| 19:41 | Build | Farm |
| 19:45 | Create | Spearman |
| 19:51 | Build | Farm |
| 19:59 | Build | Farm |
| 20:02 | Create | Villager (Male) |
| 20:02 | Create | Villager (Male) |
| 20:06 | Build | Farm |
| 20:14 | Create | Villager (Male) |
| 20:34 | Create | Battering Ram |
| 20:43 | Build | Farm |
| 20:43 | Build | Farm |
| 20:43 | Build | Farm |
| 20:50 | Build | Farm |
| 20:53 | Build | Farm |
| 20:55 | Create | Villager (Male) |
| 21:25 | Create | Villager (Male) |
| 21:25 | Create | Villager (Male) |
| 21:27 | Create | Villager (Male) |
| 21:43 | Build | Farm |
| 21:45 | Create | Villager (Male) |
| 21:54 | Build | Farm |
| 21:56 | Create | Villager (Male) |
| 22:23 | Build | Mill |
| 22:28 | Build | Farm |
| 22:29 | Create | Villager (Male) |
| 22:30 | Create | Villager (Male) |
| 22:30 | Create | Villager (Male) |
| 22:34 | Build | Farm |
| 22:46 | Create | Villager (Male) |
| 22:48 | Create | Villager (Male) |
| 22:49 | Create | Villager (Male) |
| 22:54 | Build | Farm |
| 22:58 | Build | Farm |
| 23:28 | Build | Lumber Camp |
| 23:31 | Create | Villager (Male) |
| 23:32 | Create | Villager (Male) |
| 23:36 | Research | Horse Collar |
| 23:42 | Research | Wheelbarrow |
| 23:55 | Build | Farm |
| 24:00 | Build | Farm |
| 24:07 | Build | Farm |
| 24:13 | Create | Villager (Male) |
| 24:41 | Create | Villager (Male) |
| 24:41 | Create | Villager (Male) |
| 24:46 | Build | Farm |
| 24:47 | Build | Farm |
| 24:49 | Create | Villager (Male) |
| 25:22 | Build | Farm |
| 25:36 | Build | Lumber Camp |
| 25:38 | Create | Villager (Male) |
| 25:39 | Create | Villager (Male) |
| 25:48 | Build | Farm |
| 25:53 | Research | Castle Age |
| 26:23 | Build | Mining Camp |
| 26:26 | Create | Villager (Male) |
| 26:28 | Create | Villager (Male) |
| 26:30 | Create | Villager (Male) |
| 26:53 | Build | Stable |
| 26:54 | Build | Stable |
| 26:55 | Build | Stable |
| 27:02 | Build | House |
| 27:03 | Build | House |
| 27:04 | Build | House |
| 27:06 | Build | House |
| 27:13 | Create | Villager (Male) |
| 27:17 | Research | Scale Barding Armor |
| 27:18 | Research | Forging |
| 27:34 | Build | Farm |
| 27:55 | Build | Mining Camp |
| 28:11 | Create | Villager (Male) |
| 28:11 | Create | Villager (Male) |
| 28:11 | Create | Villager (Male) |
| 28:15 | Research | Bloodlines |
| 28:23 | Research | Gold Mining |
| 28:23 | Research | Stone Mining |
| 28:25 | Research | Padded Archer Armor |
| 28:26 | Research | Fletching |
| 28:38 | Create | Villager (Male) |
Build order — Mulaaa2
First 150 of 246 actions detected
| 0:02 | Create | Villager (Male) |
| 0:02 | Create | Villager (Male) |
| 0:02 | Create | Villager (Male) |
| 0:03 | Create | Villager (Male) |
| 0:13 | Build | House |
| 0:23 | Build | House |
| 1:41 | Create | Villager (Male) |
| 2:21 | Create | Villager (Male) |
| 2:59 | Create | Villager (Male) |
| 3:00 | Create | Villager (Male) |
| 3:28 | Create | Villager (Male) |
| 3:29 | Create | Villager (Male) |
| 4:00 | Create | Villager (Male) |
| 4:00 | Create | Villager (Male) |
| 4:30 | Build | House |
| 4:35 | Create | Villager (Male) |
| 4:53 | Create | Villager (Male) |
| 5:00 | Build | Mill |
| 5:05 | Build | House |
| 5:11 | Create | Villager (Male) |
| 5:28 | Create | Villager (Male) |
| 5:49 | Build | Lumber Camp |
| 6:09 | Create | Villager (Male) |
| 6:44 | Create | Villager (Male) |
| 7:07 | Create | Villager (Male) |
| 7:36 | Create | Villager (Male) |
| 7:56 | Create | Villager (Male) |
| 8:27 | Create | Villager (Male) |
| 8:48 | Build | Mining Camp |
| 8:51 | Create | Villager (Male) |
| 9:07 | Research | Feudal Age |
| 10:08 | Build | Farm |
| 10:38 | Build | Barracks |
| 10:49 | Create | Villager (Male) |
| 10:56 | Build | House |
| 11:34 | Create | Villager (Male) |
| 11:56 | Build | Market |
| 12:02 | Create | Villager (Male) |
| 12:12 | Build | Farm |
| 12:22 | Create | Villager (Male) |
| 12:39 | Build | Blacksmith |
| 12:56 | Build | Farm |
| 13:18 | Build | House |
| 13:24 | Build | Farm |
| 13:26 | Create | Villager (Male) |
| 13:57 | Build | Farm |
| 14:01 | Research | Castle Age |
| 14:23 | Research | Double-Bit Axe |
| 15:42 | Create | Villager (Male) |
| 15:59 | Create | Villager (Male) |
| 16:43 | Build | Siege Workshop |
| 16:47 | Create | Villager (Male) |
| 17:03 | Create | Villager (Male) |
| 17:17 | Build | Town Center |
| 17:22 | Create | Mangonel |
| 17:22 | Create | Mangonel |
| 17:30 | Create | Villager (Male) |
| 17:38 | Build | Farm |
| 17:43 | Build | Farm |
| 17:49 | Build | Farm |
| 17:52 | Build | Farm |
| 17:53 | Create | Villager (Male) |
| 18:10 | Build | Town Center |
| 18:15 | Build | House |
| 18:16 | Build | House |
| 18:29 | Create | Villager (Male) |
| 18:33 | Create | Villager (Male) |
| 18:37 | Build | Farm |
| 19:11 | Create | Villager (Male) |
| 19:12 | Create | Villager (Male) |
| 19:14 | Create | Villager (Male) |
| 19:16 | Create | Villager (Male) |
| 19:33 | Build | Farm |
| 19:37 | Create | Villager (Male) |
| 19:39 | Create | Villager (Male) |
| 19:39 | Create | Villager (Male) |
| 19:56 | Build | Farm |
| 19:57 | Create | Villager (Male) |
| 19:58 | Create | Villager (Male) |
| 19:59 | Create | Villager (Male) |
| 20:08 | Build | Farm |
| 20:08 | Build | Farm |
| 20:10 | Build | Farm |
| 20:13 | Build | Farm |
| 20:14 | Build | Farm |
| 20:20 | Research | Horse Collar |
| 20:27 | Create | Villager (Male) |
| 20:27 | Create | Villager (Male) |
| 20:43 | Build | Farm |
| 20:47 | Create | Villager (Male) |
| 21:17 | Create | Villager (Male) |
| 21:22 | Create | Villager (Male) |
| 21:33 | Build | Farm |
| 21:34 | Build | Farm |
| 21:35 | Build | Farm |
| 21:48 | Build | Barracks |
| 21:55 | Create | Villager (Male) |
| 22:06 | Research | Heavy Plow |
| 22:11 | Build | Farm |
| 22:11 | Create | Villager (Male) |
| 22:13 | Create | Villager (Male) |
| 22:14 | Create | Villager (Male) |
| 22:22 | Build | House |
| 22:23 | Build | House |
| 22:45 | Build | Farm |
| 22:53 | Research | Wheelbarrow |
| 23:03 | Create | Villager (Male) |
| 23:18 | Build | Farm |
| 23:24 | Create | Villager (Male) |
| 23:25 | Create | Villager (Male) |
| 23:25 | Create | Villager (Male) |
| 23:27 | Create | Villager (Male) |
| 23:55 | Build | House |
| 24:15 | Create | Villager (Male) |
| 24:16 | Create | Villager (Male) |
| 24:17 | Create | Villager (Male) |
| 24:20 | Create | Villager (Male) |
| 24:23 | Create | Villager (Male) |
| 24:25 | Create | Villager (Male) |
| 24:54 | Build | Farm |
| 25:00 | Build | Farm |
| 25:04 | Build | Farm |
| 25:09 | Build | Farm |
| 25:14 | Build | Farm |
| 25:23 | Build | Castle |
| 25:29 | Build | Farm |
| 25:34 | Build | Farm |
| 25:40 | Create | Villager (Male) |
| 25:41 | Create | Villager (Male) |
| 25:42 | Create | Villager (Male) |
| 25:50 | Build | Farm |
| 26:01 | Build | House |
| 26:03 | Build | House |
| 26:04 | Build | House |
| 26:18 | Build | Farm |
| 26:44 | Research | Imperial Age |
| 26:50 | Research | Hand Cart |
| 26:55 | Create | Villager (Male) |
| 26:56 | Create | Villager (Male) |
| 27:03 | Create | Villager (Male) |
| 27:04 | Create | Villager (Male) |
| 27:23 | Build | Farm |
| 27:29 | Research | Bow Saw |
| 27:32 | Research | Fletching |
| 27:35 | Research | Forging |
| 27:46 | Research | Scale Mail Armor |
| 27:58 | Research | Squires |
| 28:06 | Build | Barracks |
| 28:31 | Research | Anarchy |
| 28:37 | Create | Villager (Male) |
Build order — burgess6000
First 150 of 277 actions detected
| 0:02 | Create | Villager (Male) |
| 0:02 | Create | Villager (Male) |
| 0:02 | Create | Villager (Male) |
| 0:02 | Create | Villager (Male) |
| 0:03 | Create | Villager (Male) |
| 0:04 | Build | House |
| 0:33 | Build | House |
| 1:13 | Build | House |
| 1:20 | Create | Villager (Male) |
| 1:42 | Build | Lumber Camp |
| 2:07 | Create | Villager (Male) |
| 2:07 | Create | Villager (Male) |
| 2:29 | Create | Villager (Male) |
| 2:30 | Create | Villager (Male) |
| 2:45 | Create | Villager (Male) |
| 3:02 | Create | Villager (Male) |
| 3:16 | Create | Villager (Male) |
| 3:16 | Create | Villager (Male) |
| 3:24 | Create | Villager (Male) |
| 3:54 | Create | Villager (Male) |
| 3:54 | Create | Villager (Male) |
| 3:54 | Create | Villager (Male) |
| 4:22 | Create | Villager (Male) |
| 5:01 | Create | Villager (Male) |
| 5:08 | Build | House |
| 5:14 | Create | Villager (Male) |
| 6:19 | Create | Villager (Male) |
| 6:36 | Create | Villager (Male) |
| 6:43 | Build | Mill |
| 7:19 | Build | House |
| 7:26 | Create | Villager (Male) |
| 7:52 | Research | Feudal Age |
| 8:01 | Build | Mill |
| 8:10 | Build | Lumber Camp |
| 8:49 | Create | Villager (Male) |
| 8:49 | Create | Villager (Male) |
| 8:50 | Create | Villager (Male) |
| 10:05 | Create | Villager (Male) |
| 10:07 | Age | Feudal Age |
| 10:09 | Research | Double-Bit Axe |
| 10:12 | Research | Horse Collar |
| 10:39 | Create | Villager (Male) |
| 11:03 | Build | Farm |
| 11:05 | Build | Farm |
| 11:06 | Build | Farm |
| 11:10 | Build | Farm |
| 11:13 | Build | Farm |
| 11:23 | Build | Farm |
| 11:27 | Build | House |
| 11:28 | Build | House |
| 11:29 | Build | House |
| 11:33 | Create | Villager (Male) |
| 11:33 | Create | Villager (Male) |
| 11:49 | Build | Mining Camp |
| 12:40 | Create | Villager (Male) |
| 12:41 | Create | Villager (Male) |
| 12:41 | Create | Villager (Male) |
| 13:14 | Create | Villager (Male) |
| 13:14 | Create | Villager (Male) |
| 13:14 | Create | Villager (Male) |
| 13:17 | Build | Farm |
| 13:19 | Build | Farm |
| 13:25 | Create | Villager (Male) |
| 13:25 | Create | Villager (Male) |
| 13:32 | Build | House |
| 13:33 | Build | House |
| 13:41 | Build | Blacksmith |
| 13:48 | Build | Farm |
| 14:02 | Build | Farm |
| 14:20 | Build | Farm |
| 14:58 | Create | Villager (Male) |
| 15:00 | Build | Farm |
| 15:22 | Create | Villager (Male) |
| 15:23 | Create | Villager (Male) |
| 15:24 | Build | Farm |
| 15:37 | Build | Farm |
| 15:52 | Build | Market |
| 16:01 | Build | Farm |
| 16:29 | Build | Farm |
| 16:48 | Research | Castle Age |
| 17:10 | Build | Mining Camp |
| 17:13 | Build | Mining Camp |
| 17:36 | Build | House |
| 17:37 | Build | House |
| 17:39 | Build | House |
| 18:05 | Build | Farm |
| 18:18 | Research | Gold Mining |
| 18:21 | Research | Stone Mining |
| 18:27 | Build | House |
| 19:20 | Research | Town Watch |
| 19:21 | Research | Wheelbarrow |
| 20:06 | Build | House |
| 20:08 | Build | House |
| 20:10 | Build | House |
| 20:17 | Age | Castle Age |
| 20:24 | Build | Town Center |
| 20:35 | Build | Town Center |
| 21:01 | Build | Town Center |
| 21:07 | Research | Town Patrol |
| 21:09 | Create | Villager (Male) |
| 21:09 | Create | Villager (Male) |
| 21:09 | Create | Villager (Male) |
| 21:09 | Create | Villager (Male) |
| 21:20 | Research | Bow Saw |
| 21:23 | Research | Heavy Plow |
| 21:36 | Create | Villager (Male) |
| 21:37 | Create | Villager (Male) |
| 21:37 | Create | Villager (Male) |
| 21:37 | Create | Villager (Male) |
| 21:58 | Create | Villager (Male) |
| 21:58 | Create | Villager (Male) |
| 21:58 | Create | Villager (Male) |
| 21:59 | Create | Villager (Male) |
| 21:59 | Create | Villager (Male) |
| 22:30 | Create | Villager (Male) |
| 22:31 | Create | Villager (Male) |
| 22:34 | Create | Villager (Male) |
| 22:35 | Create | Villager (Male) |
| 22:35 | Create | Villager (Male) |
| 22:41 | Create | Villager (Male) |
| 22:47 | Create | Villager (Male) |
| 22:47 | Create | Villager (Male) |
| 22:47 | Create | Villager (Male) |
| 22:47 | Create | Villager (Male) |
| 22:55 | Build | Farm |
| 22:57 | Build | Farm |
| 22:59 | Build | Farm |
| 23:08 | Build | Farm |
| 23:19 | Build | Farm |
| 23:24 | Build | Farm |
| 23:26 | Build | Farm |
| 23:27 | Create | Villager (Male) |
| 23:28 | Create | Villager (Male) |
| 23:34 | Build | Farm |
| 23:37 | Create | Villager (Male) |
| 23:37 | Create | Villager (Male) |
| 23:37 | Create | Villager (Male) |
| 23:38 | Create | Villager (Male) |
| 23:43 | Build | Farm |
| 24:00 | Create | Villager (Male) |
| 24:01 | Create | Villager (Male) |
| 24:01 | Create | Villager (Male) |
| 24:15 | Create | Villager (Male) |
| 24:35 | Research | Gold Shaft Mining |
| 24:43 | Build | Farm |
| 24:46 | Build | Farm |
| 24:48 | Build | Farm |
| 24:51 | Build | Mill |
| 24:53 | Build | Farm |
| 24:58 | Create | Villager (Male) |
Build order — drakilouxD
First 150 of 401 actions detected
| 0:01 | Create | Villager (Male) |
| 0:03 | Build | House |
| 0:04 | Build | House |
| 0:10 | Create | Villager (Male) |
| 0:10 | Create | Villager (Male) |
| 0:10 | Create | Villager (Male) |
| 0:10 | Create | Villager (Male) |
| 1:42 | Create | Villager (Male) |
| 1:43 | Create | Villager (Male) |
| 2:21 | Create | Villager (Male) |
| 2:22 | Create | Villager (Male) |
| 2:22 | Create | Villager (Male) |
| 3:10 | Create | Villager (Male) |
| 3:10 | Create | Villager (Male) |
| 3:18 | Build | House |
| 4:25 | Create | Villager (Male) |
| 4:26 | Create | Villager (Male) |
| 4:26 | Create | Villager (Male) |
| 4:26 | Create | Villager (Male) |
| 4:44 | Create | Villager (Male) |
| 4:44 | Create | Villager (Male) |
| 6:02 | Build | Mill |
| 6:21 | Create | Villager (Male) |
| 6:41 | Create | Villager (Male) |
| 6:46 | Build | House |
| 6:52 | Research | Loom |
| 7:37 | Create | Villager (Male) |
| 7:47 | Create | Villager (Male) |
| 7:50 | Build | Mining Camp |
| 8:11 | Create | Villager (Male) |
| 8:29 | Research | Feudal Age |
| 8:30 | Research | Feudal Age |
| 8:52 | Build | Barracks |
| 9:17 | Build | Lumber Camp |
| 9:27 | Build | House |
| 9:39 | Build | Mill |
| 10:51 | Create | Villager (Male) |
| 10:52 | Create | Villager (Male) |
| 11:30 | Build | Mill |
| 11:35 | Create | Villager (Male) |
| 11:35 | Create | Villager (Male) |
| 11:52 | Create | Villager (Male) |
| 11:56 | Build | House |
| 12:29 | Research | Loom |
| 13:05 | Create | Villager (Male) |
| 13:05 | Create | Villager (Male) |
| 13:07 | Create | Villager (Male) |
| 13:09 | Create | Villager (Male) |
| 13:18 | Create | Militia |
| 13:18 | Create | Militia |
| 13:18 | Create | Militia |
| 13:19 | Create | Militia |
| 13:19 | Create | Militia |
| 13:19 | Create | Militia |
| 13:31 | Create | Militia |
| 13:31 | Create | Militia |
| 13:57 | Create | Villager (Male) |
| 13:58 | Create | Villager (Male) |
| 14:16 | Create | Militia |
| 14:27 | Build | Farm |
| 14:27 | Build | Farm |
| 14:28 | Build | Farm |
| 14:28 | Build | Farm |
| 14:28 | Build | Farm |
| 14:30 | Build | Farm |
| 14:42 | Create | Militia |
| 15:03 | Create | Militia |
| 15:29 | Create | Villager (Male) |
| 16:09 | Create | Militia |
| 16:09 | Create | Militia |
| 16:09 | Create | Militia |
| 16:11 | Build | House |
| 17:00 | Create | Militia |
| 17:00 | Create | Militia |
| 17:06 | Build | House |
| 17:08 | Build | House |
| 17:11 | Create | Villager (Male) |
| 17:11 | Create | Villager (Male) |
| 17:12 | Create | Villager (Male) |
| 17:13 | Create | Villager (Male) |
| 18:19 | Create | Militia |
| 18:20 | Create | Militia |
| 18:20 | Create | Militia |
| 18:34 | Build | Farm |
| 18:34 | Build | Farm |
| 18:35 | Build | Farm |
| 18:35 | Build | Farm |
| 18:35 | Build | Farm |
| 18:36 | Build | Farm |
| 18:36 | Build | Farm |
| 20:22 | Create | Villager (Male) |
| 20:23 | Create | Villager (Male) |
| 20:36 | Build | Blacksmith |
| 20:42 | Build | Market |
| 20:49 | Build | Market |
| 21:15 | Create | Villager (Male) |
| 21:15 | Create | Villager (Male) |
| 21:35 | Research | Castle Age |
| 21:35 | Research | Castle Age |
| 22:01 | Create | Militia |
| 22:02 | Create | Militia |
| 22:04 | Create | Militia |
| 22:15 | Build | Mill |
| 22:29 | Research | Double-Bit Axe |
| 22:46 | Create | Villager (Male) |
| 24:08 | Create | Villager (Male) |
| 24:22 | Build | Town Center |
| 24:35 | Build | Town Center |
| 24:37 | Create | Villager (Male) |
| 24:38 | Create | Villager (Male) |
| 24:43 | Research | Horse Collar |
| 24:46 | Research | Bow Saw |
| 25:06 | Create | Militia |
| 25:09 | Create | Spearman |
| 25:25 | Build | Farm |
| 25:37 | Create | Villager (Male) |
| 25:37 | Create | Villager (Male) |
| 25:38 | Create | Villager (Male) |
| 25:38 | Create | Villager (Male) |
| 25:38 | Create | Villager (Male) |
| 25:39 | Create | Villager (Male) |
| 25:39 | Create | Villager (Male) |
| 25:39 | Create | Villager (Male) |
| 26:32 | Create | Villager (Male) |
| 26:33 | Create | Villager (Male) |
| 26:33 | Create | Villager (Male) |
| 26:33 | Create | Villager (Male) |
| 26:34 | Create | Villager (Male) |
| 26:34 | Create | Villager (Male) |
| 26:55 | Build | Farm |
| 26:57 | Build | Farm |
| 27:00 | Build | Farm |
| 27:02 | Build | Farm |
| 27:26 | Create | Villager (Male) |
| 27:26 | Create | Villager (Male) |
| 27:27 | Create | Villager (Male) |
| 27:28 | Create | Villager (Male) |
| 27:42 | Build | Town Center |
| 27:44 | Create | Villager (Male) |
| 27:45 | Create | Villager (Male) |
| 27:45 | Create | Villager (Male) |
| 28:02 | Research | Heavy Plow |
| 28:14 | Build | Farm |
| 28:26 | Build | Farm |
| 28:34 | Build | Farm |
| 28:35 | Build | Farm |
| 28:45 | Build | House |
| 28:47 | Build | House |
| 28:50 | Build | House |
| 28:51 | Build | House |
Build order — 天下第一帅哥
First 150 of 298 actions detected
| 0:14 | Build | House |
| 0:22 | Build | House |
| 0:44 | Create | Villager (Male) |
| 0:44 | Create | Villager (Male) |
| 0:45 | Create | Villager (Male) |
| 0:45 | Create | Villager (Male) |
| 0:45 | Create | Villager (Male) |
| 0:47 | Research | Loom |
| 1:36 | Build | House |
| 1:42 | Build | House |
| 1:47 | Build | House |
| 1:52 | Build | House |
| 2:01 | Build | House |
| 2:05 | Build | House |
| 2:10 | Create | Villager (Male) |
| 2:10 | Create | Villager (Male) |
| 3:01 | Create | Villager (Male) |
| 3:28 | Create | Villager (Male) |
| 3:29 | Create | Villager (Male) |
| 3:59 | Create | Villager (Male) |
| 4:00 | Create | Villager (Male) |
| 4:39 | Create | Villager (Male) |
| 4:40 | Create | Villager (Male) |
| 4:40 | Create | Villager (Male) |
| 4:57 | Create | Villager (Male) |
| 4:57 | Create | Villager (Male) |
| 6:07 | Create | Villager (Male) |
| 6:07 | Create | Villager (Male) |
| 6:07 | Create | Villager (Male) |
| 6:08 | Create | Villager (Male) |
| 6:08 | Create | Villager (Male) |
| 7:28 | Build | Mill |
| 7:52 | Create | Villager (Male) |
| 7:52 | Create | Villager (Male) |
| 7:53 | Create | Villager (Male) |
| 7:53 | Create | Villager (Male) |
| 7:53 | Create | Villager (Male) |
| 7:53 | Create | Villager (Male) |
| 8:06 | Build | Mining Camp |
| 9:36 | Build | Lumber Camp |
| 10:03 | Build | Farm |
| 10:27 | Research | Feudal Age |
| 10:28 | Research | Feudal Age |
| 11:44 | Build | Barracks |
| 12:37 | Age | Feudal Age |
| 12:56 | Build | Blacksmith |
| 13:01 | Research | Double-Bit Axe |
| 13:03 | Create | Villager (Male) |
| 13:03 | Create | Villager (Male) |
| 13:04 | Create | Villager (Male) |
| 13:04 | Create | Villager (Male) |
| 13:04 | Create | Villager (Male) |
| 13:05 | Create | Villager (Male) |
| 13:05 | Create | Villager (Male) |
| 13:11 | Research | Man-at-Arms (upgrade) |
| 13:25 | Build | Farm |
| 13:49 | Build | Archery Range |
| 14:02 | Research | Horse Collar |
| 14:11 | Build | Farm |
| 14:20 | Build | Farm |
| 14:28 | Build | Farm |
| 14:51 | Create | Militia |
| 14:51 | Create | Militia |
| 14:51 | Create | Militia |
| 14:52 | Create | Militia |
| 15:06 | Create | Archer |
| 15:49 | Create | Archer |
| 16:34 | Create | Militia |
| 16:35 | Create | Militia |
| 16:49 | Build | Stable |
| 16:54 | Build | Stable |
| 17:19 | Create | Scout Cavalry |
| 17:20 | Create | Scout Cavalry |
| 17:51 | Create | Scout Cavalry |
| 17:51 | Create | Scout Cavalry |
| 18:08 | Build | House |
| 18:11 | Build | House |
| 18:14 | Build | House |
| 18:22 | Build | House |
| 18:25 | Build | House |
| 18:38 | Create | Scout Cavalry |
| 18:38 | Create | Scout Cavalry |
| 19:19 | Create | Scout Cavalry |
| 19:20 | Create | Scout Cavalry |
| 19:30 | Build | Farm |
| 19:35 | Build | Town Center |
| 20:09 | Create | Scout Cavalry |
| 20:10 | Create | Scout Cavalry |
| 20:40 | Build | Farm |
| 21:34 | Build | Palisade Wall |
| 21:53 | Build | Farm |
| 22:01 | Build | Farm |
| 22:07 | Build | Farm |
| 22:40 | Build | Farm |
| 22:48 | Build | Farm |
| 24:08 | Build | Farm |
| 24:16 | Build | House |
| 24:21 | Build | House |
| 24:25 | Build | House |
| 24:29 | Build | House |
| 24:33 | Build | House |
| 24:36 | Build | House |
| 24:40 | Build | House |
| 24:44 | Build | House |
| 25:44 | Create | Villager (Male) |
| 25:45 | Create | Villager (Male) |
| 25:46 | Create | Villager (Male) |
| 26:10 | Research | Castle Age |
| 26:57 | Research | Gold Mining |
| 27:03 | Research | Stone Mining |
| 27:28 | Build | Farm |
| 28:15 | Build | Farm |
| 28:21 | Build | Farm |
| 28:34 | Build | Farm |
| 28:39 | Build | Farm |
| 28:42 | Build | Farm |
| 28:47 | Build | Farm |
| 28:50 | Age | Castle Age |
| 28:52 | Research | Bow Saw |
| 28:59 | Build | Town Center |
| 29:03 | Research | Town Watch |
| 29:04 | Research | Wheelbarrow |
| 29:06 | Create | Villager (Male) |
| 29:06 | Create | Villager (Male) |
| 29:06 | Create | Villager (Male) |
| 29:06 | Create | Villager (Male) |
| 30:21 | Research | Heavy Plow |
| 30:27 | Create | Villager (Male) |
| 30:27 | Create | Villager (Male) |
| 30:28 | Create | Villager (Male) |
| 30:28 | Create | Villager (Male) |
| 30:28 | Create | Villager (Male) |
| 30:28 | Create | Villager (Male) |
| 30:48 | Create | Villager (Male) |
| 30:49 | Create | Villager (Male) |
| 30:49 | Create | Villager (Male) |
| 30:49 | Create | Villager (Male) |
| 31:41 | Build | Castle |
| 31:54 | Build | Farm |
| 31:59 | Build | Farm |
| 32:04 | Build | Farm |
| 32:08 | Create | Villager (Male) |
| 32:08 | Create | Villager (Male) |
| 32:08 | Create | Villager (Male) |
| 32:09 | Create | Villager (Male) |
| 32:09 | Create | Villager (Male) |
| 32:09 | Create | Villager (Male) |
| 32:10 | Create | Villager (Male) |
| 32:10 | Create | Villager (Male) |
| 32:10 | Create | Villager (Male) |
Build order — BIY
First 150 of 281 actions detected
| 0:07 | Build | House |
| 0:11 | Build | House |
| 0:13 | Create | Villager (Male) |
| 0:13 | Create | Villager (Male) |
| 0:14 | Create | Villager (Male) |
| 0:14 | Create | Villager (Male) |
| 1:47 | Create | Villager (Male) |
| 1:48 | Create | Villager (Male) |
| 2:39 | Create | Villager (Male) |
| 2:39 | Create | Villager (Male) |
| 2:40 | Create | Villager (Male) |
| 2:48 | Build | Lumber Camp |
| 2:58 | Create | Villager (Male) |
| 2:58 | Create | Villager (Male) |
| 2:58 | Create | Villager (Male) |
| 3:32 | Create | Villager (Male) |
| 3:32 | Create | Villager (Male) |
| 3:33 | Create | Villager (Male) |
| 3:33 | Create | Villager (Male) |
| 3:37 | Build | House |
| 4:40 | Create | Villager (Male) |
| 4:40 | Create | Villager (Male) |
| 4:40 | Create | Villager (Male) |
| 5:10 | Build | Mill |
| 5:28 | Create | Villager (Male) |
| 5:28 | Create | Villager (Male) |
| 5:28 | Create | Villager (Male) |
| 6:04 | Build | House |
| 6:32 | Build | Mining Camp |
| 6:45 | Create | Villager (Male) |
| 6:45 | Create | Villager (Male) |
| 6:45 | Create | Villager (Male) |
| 6:48 | Create | Villager (Male) |
| 6:49 | Create | Villager (Male) |
| 6:49 | Create | Villager (Male) |
| 7:44 | Create | Villager (Male) |
| 9:05 | Research | Feudal Age |
| 10:19 | Build | Mill |
| 11:25 | Age | Feudal Age |
| 11:30 | Build | Market |
| 11:36 | Build | Blacksmith |
| 11:41 | Create | Villager (Male) |
| 12:45 | Research | Castle Age |
| 13:02 | Build | Lumber Camp |
| 13:20 | Research | Double-Bit Axe |
| 15:07 | Build | Pasture |
| 15:08 | Build | Pasture |
| 15:25 | Age | Castle Age |
| 15:29 | Build | Town Center |
| 15:38 | Build | Town Center |
| 15:42 | Research | Wheelbarrow |
| 15:50 | Research | Bow Saw |
| 15:55 | Research | Tech 1014 |
| 16:33 | Create | Villager (Male) |
| 16:53 | Build | Pasture |
| 17:05 | Build | Pasture |
| 17:15 | Build | Pasture |
| 17:19 | Create | Villager (Male) |
| 17:34 | Create | Villager (Male) |
| 17:51 | Create | Villager (Male) |
| 18:00 | Build | Pasture |
| 18:15 | Create | Villager (Male) |
| 18:18 | Create | Villager (Male) |
| 18:25 | Build | Pasture |
| 18:27 | Build | Pasture |
| 18:35 | Build | Pasture |
| 18:42 | Create | Villager (Male) |
| 18:43 | Create | Villager (Male) |
| 18:55 | Create | Villager (Male) |
| 19:06 | Create | Villager (Male) |
| 19:15 | Build | Pasture |
| 19:26 | Build | House |
| 19:31 | Create | Villager (Male) |
| 19:32 | Create | Villager (Male) |
| 19:38 | Create | Villager (Male) |
| 19:41 | Create | Villager (Male) |
| 19:48 | Build | Pasture |
| 19:51 | Create | Villager (Male) |
| 20:14 | Build | Pasture |
| 20:15 | Build | Pasture |
| 20:23 | Build | Pasture |
| 20:27 | Create | Villager (Male) |
| 20:30 | Create | Villager (Male) |
| 20:31 | Create | Villager (Male) |
| 20:38 | Build | Pasture |
| 20:46 | Build | House |
| 20:46 | Build | House |
| 20:47 | Build | House |
| 20:48 | Build | House |
| 20:58 | Create | Villager (Male) |
| 20:58 | Create | Villager (Male) |
| 20:59 | Create | Villager (Male) |
| 21:02 | Create | Villager (Male) |
| 21:02 | Create | Villager (Male) |
| 21:05 | Create | Villager (Male) |
| 21:05 | Create | Villager (Male) |
| 21:24 | Create | Villager (Male) |
| 21:27 | Create | Villager (Male) |
| 21:30 | Create | Villager (Male) |
| 21:46 | Create | Villager (Male) |
| 21:47 | Create | Villager (Male) |
| 21:52 | Research | Tech 1013 |
| 21:56 | Create | Villager (Male) |
| 22:12 | Build | Pasture |
| 22:13 | Build | Pasture |
| 22:21 | Create | Villager (Male) |
| 22:30 | Research | Gold Mining |
| 22:55 | Build | House |
| 22:56 | Build | House |
| 22:57 | Build | House |
| 22:58 | Build | House |
| 22:59 | Build | House |
| 23:06 | Create | Villager (Male) |
| 23:06 | Create | Villager (Male) |
| 23:12 | Create | Villager (Male) |
| 23:12 | Create | Villager (Male) |
| 23:43 | Build | Mining Camp |
| 23:54 | Create | Villager (Male) |
| 23:54 | Create | Villager (Male) |
| 23:56 | Create | Villager (Male) |
| 23:56 | Create | Villager (Male) |
| 23:59 | Create | Villager (Male) |
| 24:00 | Create | Villager (Male) |
| 24:05 | Create | Villager (Male) |
| 24:05 | Create | Villager (Male) |
| 24:49 | Build | University |
| 24:53 | Build | Siege Workshop |
| 25:17 | Create | Villager (Male) |
| 25:17 | Create | Villager (Male) |
| 25:22 | Create | Villager (Male) |
| 25:22 | Create | Villager (Male) |
| 25:28 | Research | Wheelbarrow |
| 25:45 | Create | Villager (Male) |
| 26:07 | Create | Villager (Male) |
| 26:07 | Create | Villager (Male) |
| 26:12 | Research | Wheelbarrow |
| 26:14 | Research | Imperial Age |
| 26:37 | Build | Barracks |
| 27:04 | Research | Forging |
| 27:05 | Research | Scale Barding Armor |
| 27:10 | Create | Villager (Male) |
| 27:10 | Create | Villager (Male) |
| 27:34 | Research | Hand Cart |
| 27:41 | Build | House |
| 27:41 | Build | House |
| 27:41 | Build | House |
| 27:42 | Build | House |
| 27:42 | Build | House |
| 27:42 | Build | House |
| 27:42 | Build | House |
Match timeline
| 8:13 | ITSZERKIIN · first_building Barracks |
| 8:52 | drakilouxD · first_building Barracks |
| 10:07 | burgess6000 · age_up feudal |
| 10:38 | Mulaaa2 · first_building Barracks |
| 11:07 | Bantum · age_up feudal |
| 11:20 | ITSZERKIIN · first_building Siege Workshop |
| 11:21 | Akanii · age_up feudal |
| 11:25 | BIY · age_up feudal |
| 11:44 | 天下第一帅哥 · first_building Barracks |
| 12:37 | 天下第一帅哥 · age_up feudal |
| 13:49 | 天下第一帅哥 · first_building Archery Range |
| 15:25 | BIY · age_up castle |
| 15:27 | Bantum · first_building Barracks |
| 16:08 | Akanii · age_up castle |
| 16:43 | Mulaaa2 · first_building Siege Workshop |
| 16:44 | Bantum · age_up castle |
| 16:49 | 天下第一帅哥 · first_building Stable |
| 17:12 | Bantum · first_building Siege Workshop |
| 18:54 | Akanii · first_building Barracks |
| 20:17 | burgess6000 · age_up castle |
| 21:34 | 天下第一帅哥 · wall_segment Palisade Wall x1 |
| 22:31 | Akanii · first_building Archery Range |
| 24:00 | Akanii · first_building Castle |
| 24:07 | Akanii · wall_segment Stone Wall x4 |
| 24:18 | Akanii · wall_segment Stone Wall x9 |
| 24:24 | Bantum · first_building Monastery |
| 24:53 | BIY · first_building Siege Workshop |
| 25:02 | BIY · first_market_sell 100 food |
| 25:09 | Bantum · first_market_buy 100 food |
| 25:23 | Mulaaa2 · first_building Castle |
| 25:40 | Bantum · wall_segment Stone Wall x1 |
| 25:41 | Bantum · wall_segment Stone Wall x1 |
| 25:41 | Bantum · wall_segment Stone Wall x1 |
| 25:45 | burgess6000 · first_building Castle |
| 26:02 | Bantum · first_market_sell 100 wood |
| 26:05 | burgess6000 · first_building Barracks |
| 26:37 | BIY · first_building Barracks |
| 26:40 | burgess6000 · first_building Monastery |
| 26:43 | Akanii · wall_segment Stone Wall x1 |
| 26:53 | ITSZERKIIN · first_building Stable |
| 27:19 | burgess6000 · first_building Stable |
| 28:11 | BIY · first_building Stable |
| 28:23 | Akanii · wall_segment Stone Wall x10 |
| 28:28 | Akanii · wall_segment Stone Wall x17 |
| 28:50 | 天下第一帅哥 · age_up castle |
| 29:01 | Bantum · first_building Castle |
| 29:24 | BIY · age_up imperial |
| 30:08 | ITSZERKIIN · first_building Archery Range |
| 30:21 | Bantum · age_up imperial |
| 30:27 | burgess6000 · first_building Archery Range |
| 30:54 | drakilouxD · wall_segment Stone Wall x3 |
| 31:09 | drakilouxD · wall_segment Stone Wall x18 |
| 31:14 | Akanii · first_building Siege Workshop |
| 31:37 | burgess6000 · tribute_sent a jugador 1 |
| 31:37 | burgess6000 · tribute_sent a jugador 2 |
| 31:37 | burgess6000 · tribute_sent a jugador 3 |
| 31:37 | burgess6000 · tribute_sent a jugador 4 |
| 31:37 | burgess6000 · tribute_sent a jugador 6 |
| 31:37 | burgess6000 · tribute_sent a jugador 7 |
| 31:37 | burgess6000 · tribute_sent a jugador 8 |
| 31:41 | 天下第一帅哥 · first_building Castle |
| 31:41 | burgess6000 · age_up imperial |
| 31:56 | burgess6000 · tribute_sent a jugador 1 |
| 31:56 | burgess6000 · tribute_sent a jugador 2 |
| 31:56 | burgess6000 · tribute_sent a jugador 3 |
| 31:56 | burgess6000 · tribute_sent a jugador 4 |
| 31:56 | burgess6000 · tribute_sent a jugador 6 |
| 31:56 | burgess6000 · tribute_sent a jugador 7 |
| 31:56 | burgess6000 · tribute_sent a jugador 8 |
| 31:58 | ITSZERKIIN · first_building Monastery |
| 32:31 | burgess6000 · first_market_sell 100 food |
| 32:48 | drakilouxD · first_building Castle |
| 33:35 | ITSZERKIIN · wall_segment Palisade Wall x26 |
| 34:25 | drakilouxD · first_building Stable |
| 34:29 | Akanii · first_building Monastery |
| 34:59 | ITSZERKIIN · first_building Castle |
| 35:18 | drakilouxD · first_building Monastery |
| 35:23 | Akanii · age_up imperial |
| 37:38 | drakilouxD · first_building Krepost |
| 37:46 | ITSZERKIIN · wall_segment Palisade Wall x10 |
| 37:52 | Mulaaa2 · resign |
| 39:33 | 天下第一帅哥 · age_up imperial |
| 44:00 | 天下第一帅哥 · first_market_buy 100 food |
| 46:54 | Akanii · wall_segment Stone Wall x4 |
[ AI ANALYSIS · 1 CREDIT ]
What really happened in this match?
Wolo.gg analyzes every decision: build order, eco, micro, common mistakes by bracket. Personalized analysis on WhatsApp or Discord in 30 seconds.
Civ guide
Bohemians
Perfil
Jugador #1145613